 Dungeon Crawl Stone Soup version 0.28-a0-1447-ga5a8893891 (webtiles) character file.

Game seed: 14240951975781628700

779 lunkers the Covert (level 7, -13/35 HPs)
             Began as a Spriggan Delver on Jan 11, 2022.
             Mangled by Prince Ribbit (18 damage)
             ... on level 5 of the Dungeon.
             The game lasted 00:08:41 (5028 turns).

lunkers the Covert (Spriggan Delver)                Turns: 5028, Time: 00:08:42

Health: -13/35     AC:  2    Str:  8    XL:     7   Next: 54%
Magic:  8/8        EV: 17    Int: 14    God:
Gold:   185        SH:  0    Dex: 16    Spells: 6/6 levels left

rFire   . . .      SeeInvis +   k - +3 dagger (venom)
rCold   . . .      Faith    .   (no shield)
rNeg    . . .      Spirit   .   b - +0 robe
rPois   .          Reflect  .   (helmet restricted)
rElec   .          Harm     .   (no cloak)
rCorr   .          Rampage  .   (gloves unavailable)
Will    +....                   (boots unavailable)
Stlth   +++++.....              (no amulet)
HPRegen 0.11/turn               (no ring)
MPRegen 0.11/turn               (no ring)

@: mighty, very quick
A: very small, no large weapons, unfitting armour, see invisible, speed 3
a: no special abilities


You were on level 5 of the Dungeon.
You visited 1 branch of the dungeon, and saw 5 of its levels.

You collected 185 gold pieces.

Inventory:

Hand Weapons
 k - a +3 dagger of venom (weapon)
Armour
 b - a +0 robe (worn)
Wands
 g - a wand of digging (8)
 r - a wand of iceblast (10)
Scrolls
 c - a scroll of fog
 d - 2 scrolls of magic mapping
 e - 5 scrolls of fear
 m - a scroll of enchant weapon
 p - a scroll of teleportation
 q - 2 scrolls of blinking
 s - a scroll of enchant armour {unknown}
Potions
 a - 2 potions of heal wounds
 f - 4 potions of haste
 h - 4 potions of curing
 i - 3 potions of might
 j - 2 potions of magic
 l - a potion of lignification
 n - a potion of invisibility


   Skills:
 - Level 2.4 Fighting
 + Level 6.9 Short Blades
 - Level 2.6 Dodging
 + Level 11.7 Stealth


You had 6 spell levels left.
You didn't know any spells.
Your spell library contained the following spells:

 Spells                   Type           Power      Damage    Failure   Level
 Beastly Appendage        Tmut           0%         N/A       28%         1
 Wereblood                Tmut           0%         N/A       41%         2
 Spider Form              Tmut/Pois      0%         N/A       65%         3


Dungeon Overview and Level Annotations

Branches:
Dungeon (5/15)
 Temple: D:4-7

Altars:
Fedhas
Makhleb
Nemelex Xobeh
Trog
Zin

Annotations:
D:3 1 transporter, browni3141's ghost, amateur HuFi
D:5 Prince Ribbit


Innate Abilities, Weirdness & Mutations

You are very small and have problems with some larger weapons.
You are too small for most types of armour.
You have supernaturally acute eyesight. (SInv)
You cover ground extremely quickly. (Speed+++)


Message History

Menkaure closely misses you.
You puncture Menkaure!
Menkaure is almost destroyed.
You puncture Menkaure!
You destroy Menkaure!
You barely miss the bullfrog skeleton.
The bullfrog skeleton barely misses you.
You puncture the bullfrog skeleton!
The bullfrog skeleton is moderately damaged.
The bullfrog skeleton completely misses you.
You puncture the bullfrog skeleton!
The bullfrog skeleton is severely damaged.
The bullfrog skeleton barely misses you.
You puncture the bullfrog skeleton!
The bullfrog skeleton is almost destroyed.
The bullfrog skeleton closely misses you.
You puncture the bullfrog skeleton!
You destroy the bullfrog skeleton!
The hornet zombie hits you!
Prince Ribbit hops awkwardly around.
Prince Ribbit hits you!
* * * LOW HITPOINT WARNING * * *
Aiming: Iceblast
Press: ? - help, Shift-Dir - straight line The mass of ice explodes!
The iceblast engulfs Prince Ribbit!
Prince Ribbit is moderately wounded.
You hear an angry hiss.
The hornet zombie hits you.
* * * LOW HITPOINT WARNING * * *
Prince Ribbit hits you.
* * * LOW HITPOINT WARNING * * *
The hornet zombie misses you.
Unknown command.
Blink to where?
Press: ? - help, Dir - move target An adder comes into view.
As you read the scroll of blinking, it crumbles to dust.
Prince Ribbit hits you!!
Ouch! That really hurt!
You die...

#.. #......M
...####.....
.........# #
.......!##
##.##..$...ยง##
..S.#........#
.........Z..##
....#...F...# .
##.@..###
#....#
#....$..#
#.......#
...##....# ..^.
.[#### .... ..#
##### ##


You could see Prince Ribbit, an adder and a hornet zombie.

Vanquished Creatures
  Menkaure (D:5)
  2 black bears (D:4)
  An ogre (D:3)
  A centaur (D:4)
  A jelly (D:4)
  A bullfrog skeleton (D:5)
  2 hounds
  2 iguanas
  5 adders
  A howler monkey skeleton (D:4)
  2 adder skeletons (D:4)
  2 worms (D:2)
  4 dart slugs
  3 orcs (D:3)
  2 ball pythons
  8 endoplasms
  3 giant cockroaches
  6 goblins
  5 hobgoblins
  9 jackals
  A quokka (D:2)
  3 bats
  2 frilled lizards (D:2)
  7 kobolds
  9 rats
83 creatures vanquished.

Notes
Turn   | Place    | Note
-------+----------+-------------------------------------------
     0 | D:5      | lunkers the Spriggan Delver began the quest for the Orb.
     0 | D:5      | Reached XP level 1. HP: 11/11 MP: 2/2
   191 | D:4      | Reached XP level 2. HP: 11/16 MP: 3/3
   440 | D:4      | Found a bloodstained altar of Trog.
   440 | D:4      | Noticed a black bear
   441 | D:4      | Noticed a black bear
   530 | D:4      | Reached skill level 8 in Stealth
   530 | D:4      | Reached XP level 3. HP: 19/19 MP: 4/4
   545 | D:4      | Reached XP level 4. HP: 7/23 MP: 5/5
  1240 | D:3      | Reached skill level 9 in Stealth
  1253 | D:3      | Noticed browni3141's ghost (amateur HuFi)
  1254 | D:3      | Found a transporter.
  1254 | D:3      | Noticed an ogre
  1256 | D:3      | Noticed an ogre
  1349 | D:3      | Reached XP level 5. HP: 27/27 MP: 6/6
  1394 | D:3      | Noticed an ogre
  2087 | D:3      | Killed an ogre
  2088 | D:3      | Reached skill level 5 in Short Blades
  2134 | D:3      | Found a blossoming altar of Fedhas.
  2387 | D:2      | Reached XP level 6. HP: 32/32 MP: 7/7
  2498 | D:1      | Found a faded altar of an unknown god.
  2611 | D:1      | Reached skill level 10 in Stealth
  3999 | D:4      | Found a burning altar of Makhleb.
  4042 | D:4      | Noticed a green death
  4045 | D:4      | Noticed a neqoxec
  4045 | D:4      | Noticed a neqoxec
  4067 | D:4      | Found a sparkling altar of Nemelex Xobeh.
  4067 | D:4      | Found a glowing silver altar of Zin.
  4321 | D:4      | Reached XP level 7. HP: 5/35 MP: 8/8
  4327 | D:4      | HP: 1/35 [poisoned by an adder]
  4707 | D:4      | Reached skill level 11 in Stealth
  5002 | D:5      | Noticed Menkaure
  5010 | D:5      | Noticed Prince Ribbit
  5020 | D:5      | Killed Menkaure
  5028 | D:5      | Mangled by Prince Ribbit

Illustrated notes

Levels and vault maps discovered:
D:1:      dpeg_arrival_brainrot, layout_basic, ebering_ecumenical_altar_ruins
D:2:      layout_basic, uniq_sigmund
D:3:      cheibrodos_helix_gallery, layout_basic, mainiacjoe_overflow_brackets,
          gammafunk_ghost_smash, st_stairs_12
D:4:      kennysheep_spiral_hall, layout_layer_cave, trog_ov_bears_minmay,
          makhleb_altar_promises_db, mainiacjoe_overflow_divided_tiny,
          minivault_5
D:5:      layout_cave_pools, slow_altar_1, grunt_dithmenos_smoke_and_mirrors,
          uniq_menkaure, uniq_prince_ribbit1

Skill      XL: |  1  2  3  4  5  6  7 |
---------------+----------------------+-----
Short Blades   | 3 4 5 6 |  6.9
Stealth        | 8 9 10 11 | 11.7
Fighting       | |  2.4
Dodging        | |  2.6

Action                   |  1- 3 |  4- 6 |  7- 9 || total
-------------------------+-------+-------+-------++-------
Melee: Short sword       |    46 |    11 |       ||    57
       Punch             |     1 |     1 |       ||     2
       Dagger            |       |   143 |    15 ||   158
Evoke: Wand              |       |       |     1 ||     1
  Use: Potion            |     1 |       |     1 ||     2
       Scroll            |       |     9 |     3 ||    12
 Stab: Sleeping          |     3 |    34 |     1 ||    38
       Distracted        |       |     1 |     1 ||     2
Armor: Robe              |     6 |    20 |       ||    26
Dodge: Dodged            |    33 |   106 |    10 ||   149

Table legend: (Time is in decaauts)
 A = Elapsed time spent in this place.
 B = Non-inter-level travel time spent in this place.
 C = Inter-level travel time spent in this place.
 D = Time resting spent in this place.
 E = Time spent auto-exploring this place.
 F = Levels seen in this place.
 G = Mean time per level.
                   A        B        C        D        E       F      G
               +--------+--------+--------+--------+--------+-----+--------+
         Total |   3611 |   3574 |     37 |     40 |   2943 |   5 |  722.2 |
       Dungeon |   3611 |   3574 |     37 |     40 |   2943 |   5 |  722.2 |
               +--------+--------+--------+--------+--------+-----+--------+

Top non-repeatable levels by time:
     D:4: 1804 daAuts
     D:3: 970 daAuts
     D:1: 485 daAuts
     D:2: 304 daAuts
     D:5: 47 daAuts
